 Dungeon Crawl Stone Soup version 0.26.1-11-gd32895ea62 (webtiles) character file.

Game seed: 3400045289704286536

259 Urokeeper the Shooter (level 6, -1/44 HPs)
             Began as a Human Wanderer on July 23, 2021.
             Slain by a gnoll shaman
             ... wielding a cursed -2 whip
              (6 damage)
             ... on level 4 of the Dungeon.
             The game lasted 00:28:57 (4801 turns).

Urokeeper the Shooter (Human Wanderer)              Turns: 4801, Time: 00:28:58

Health: -1/44      AC:  9    Str: 13    XL:     6   Next: 40%
Magic:  6/6        EV: 10    Int: 11    God:
Gold:   159        SH:  0    Dex: 15    Spells: 4/5 levels left

rFire    x x .     SeeInvis .   k - +0 short sword
rCold    + + .     Faith    .   (no shield)
rNeg     . . .     Spirit   .   b - +0 ring mail
rPois    .         Reflect  .   y - +0 helmet
rElec    .         Harm     .   (no cloak)
rCorr    .         Rampage  .   i - +1 pair of gloves
Will     .....                  (no boots)
Stlth    +.........             (no amulet)
HPRegen  0.14/turn              c - ring of ice
MPRegen  0.10/turn              e - ring of ice

@: glowing
A: no striking features
a: no special abilities


You were on level 4 of the Dungeon.
You visited 1 branch of the dungeon, and saw 4 of its levels.

You collected 159 gold pieces.

Inventory:

Hand Weapons
 a - a +0 shortbow
 k - a +0 short sword (weapon)
Missiles
 d - 50 arrows
 f - 111 stones
 v - 18 poisoned darts
 z - 5 boomerangs
Armour
 b - a +0 ring mail (worn)
 i - a +1 pair of gloves (worn)
 j - a +0 pair of gloves
 y - a +0 helmet (worn)
Jewellery
 c - a ring of ice (left hand)
 e - a ring of ice (right hand)
Scrolls
 n - a scroll of enchant weapon {unknown}
 o - 3 scrolls of identify
 r - 3 scrolls of teleportation {unknown}
 s - 2 scrolls of remove curse {unknown}
 u - 2 scrolls of blinking {unknown}
 A - a scroll of magic mapping {unknown}
Potions
 g - 3 potions of curing {unknown}
 h - 2 potions of flight {unknown}
 l - a potion of degeneration {unknown}
 m - 2 potions of brilliance {unknown}
 p - a potion of invisibility {unknown}
 q - a potion of mutation {unknown}
 t - a potion of magic {unknown}
 w - a potion of resistance {unknown}
 x - a potion of lignification {unknown}


   Skills:
 + Level 1.7 Fighting
 + Level 2.4 Short Blades
 + Level 3.8 Bows
 + Level 3.5 Armour
 + Level 1.0 Dodging
 + Level 1.5 Stealth
 + Level 3.2 Earth Magic
 + Level 1.0 Evocations


You had 4 spell levels left.
You knew the following spells:

 Your Spells              Type           Power        Failure   Level
a - Sandblast             Erth           14%          19%         1

Your spell library contained the following spells:

 Spells                   Type           Power        Failure   Level
 Passwall                 Tmut/Erth      2%           50%         2
 Stone Arrow              Conj/Erth      6%           75%         3
 Petrify                  Tmut/Erth      3%           98%         4
 Lee's Rapid Deconstruct  Erth           3%           99%         5


Dungeon Overview and Level Annotations

Branches:
Dungeon (4/15)
 Temple: D:4-7

Altars:
Cheibriados
Dithmenos
Fedhas
Vehumet

Annotations:
D:2 2 transporters


Message History

The gnoll is healed somewhat.
You hit the gnoll shaman but do no damage.
The gnoll shaman is heavily wounded.
The gnoll hits you from afar with a +0 spear!
The gnoll shaman misses you.
You hit the gnoll shaman.
The gnoll shaman is heavily wounded.
The gnoll hits you from afar with a +0 spear.
* * * LOW HITPOINT WARNING * * *
The gnoll shaman calls upon its god to heal the gnoll.
The gnoll's wounds heal themselves!
You hit the gnoll shaman but do no damage.
The gnoll shaman is heavily wounded.
The gnoll barely misses you. The gnoll shaman closely misses you.
You hit the gnoll shaman but do no damage.
The gnoll shaman is heavily wounded.
The gnoll hits you from afar with a +0 spear!
* * * LOW HITPOINT WARNING * * *
The gnoll shaman hits you with a cursed -2 whip.
You die...

#...#####.######
#|.............#
#...##.##.####.#
##.###.##.# #.#
####.#
#.##.####.#
.†...#
#.##....#.#
######
#.#####.#.# #.#
#.#.# ####.#
#.#@#
.....#####.#g#
#...!...gg#
#..?g..#.g# #
#.##.....## g.
.g.#..##
...gg.g...##
....##.#.## . )
#.#.


You could see a gnoll shaman and 3 gnolls.

Vanquished Creatures
  A gnoll (D:1)
  15 adders
  An ooze (D:1)
  3 worms
  3 dart slugs
  2 leopard geckos (D:1)
  7 orcs (D:3)
  7 bats
  3 giant cockroaches (D:2)
  9 goblins
  11 hobgoblins
  4 jackals
  2 quokkas
  3 ball pythons (D:3)
  7 frilled lizards
  7 kobolds
  13 rats
98 creatures vanquished.

Vanquished Creatures (others)
  A jackal (D:3)
  A bat (D:3)
  5 plants (D:2)
7 creatures vanquished.

Grand Total: 105 creatures vanquished

Notes
Turn   | Place    | Note
-------+----------+-------------------------------------------
     0 | D:1      | Urokeeper the Human Wanderer began the quest for the Orb.
     0 | D:1      | Urokeeper set off with the following items: a +0 shortbow,
                  | a +0 ring mail, 23 arrows; and the following spell
                  | memorised: Sandblast; and the following spells available to
                  | memorise: Passwall, Stone Arrow, Petrify, Lee's Rapid
                  | Deconstruction
     0 | D:1      | Reached XP level 1. HP: 15/15 MP: 1/1
   232 | D:1      | Reached XP level 2. HP: 21/21 MP: 2/2
   336 | D:1      | Reached XP level 3. HP: 20/26 MP: 3/3
  1141 | D:2      | Reached XP level 4. HP: 28/32 MP: 4/4
  1579 | D:2      | Reached skill level 1 in Short Blades
  1938 | D:2      | Reached XP level 5. HP: 29/37 MP: 5/5
  2149 | D:2      | Found a transporter.
  2271 | D:2      | Found a transporter.
  2273 | D:2      | Found a shadowy altar of Dithmenos.
  2274 | D:2      | Noticed a centaur
  2349 | D:2      | Found a snail-covered altar of Cheibriados.
  3260 | D:3      | Reached XP level 6. HP: 34/43 MP: 6/6
  3657 | D:3      | Found a radiant altar of Vehumet.
  4130 | D:3      | Found a blossoming altar of Fedhas.
  4422 | D:3      | Reached skill level 1 in Dodging
  4801 | D:4      | Slain by a gnoll shaman

Illustrated notes

Levels and vault maps discovered:
D:1:      scummos_arrival_forest, layout_loops_ring, minmay_misc_feat_enclosed,
          minmay_circled_x
D:2:      cheibrodos_old_hovel, layout_loops_cross, marbit_many_paths,
          gammafunk_temple_overflow_arena, minivault_27
D:3:      layout_basic, lemuel_coloured_pillars_altar, vehumet_crystals,
          minmay_snake_closets
D:4:      layout_loops_ring, nicolae_tso_swordbearing_angel,
          minmay_temple_entry_wispy, cheibrodos_sewer_entry_sluice, uniq_natasha

Skill      XL: |  1  2  3  4  5  6 |
---------------+-------------------+-----
Bows           | 3 |  3.8
Short Blades   | 1 2 |  2.4
Armour         | 3 |  3.5
Dodging        | 1 |  1.0
Fighting       | |  1.7
Stealth        | |  1.5
Earth Magic    | |  3.2
Evocations     | |  1.0

Action                   |  1- 3 |  4- 6 || total
-------------------------+-------+-------++-------
Melee: Short sword       |    43 |   337 ||   380
       Unarmed           |    17 |       ||    17
 Fire: Shortbow          |    59 |    53 ||   112
  Use: Scroll            |       |     1 ||     1
 Stab: Sleeping          |       |     1 ||     1
Armor: Ring mail         |    42 |   197 ||   239
Dodge: Dodged            |    50 |   259 ||   309
